 Dungeon Crawl Stone Soup version 0.20.1-1-g8b1a95d (webtiles) character file.

114 empire the Skirmisher (level 4, 0/40 HPs)
             Began as a Centaur Fighter on Sept 22, 2017.
             Succumbed to a kobold's poison
             ... on level 3 of the Dungeon.
             The game lasted 00:03:50 (1623 turns).

empire the Skirmisher (Centaur Fighter)             Turns: 1623, Time: 00:03:50

Health: 0/40       AC:  8    Str: 24    XL:     4   Next: 67%
Magic:  4/4        EV:  5    Int: 11    God:
Gold:   106        SH:  8    Dex:  8    Spells: 3/3 levels left

rFire    + . .     SeeInvis .   a - +0 long sword
rCold    + . .     Gourm    .   c - +0 shield
rNeg     . . .     Faith    .   b - +0 scale mail
rPois    +         Spirit   .   o - +1 helmet {Int+3}
rElec    +         Reflect  .   (no cloak)
rCorr    +         Harm     .   (no gloves)
MR       .....                  (no barding)
Stlth    ..........             (no amulet)
Regen    0.2/turn               (no ring)
MPRegen  0.1/turn               (no ring)

@: mighty, lethally poisoned (0 -> -3), resistant, drained, very quick
A: hooves 3, deformed body, speed 2, sense surroundings 1, poison resistance,
tough skin 3
a: no special abilities


You were on level 3 of the Dungeon.
You were hungry.

You visited 1 branch of the dungeon, and saw 3 of its levels.

You collected 106 gold pieces.

Inventory:

Hand Weapons
 a - a +0 long sword (weapon)
Armour
 b - a +0 scale mail (worn)
 c - a +0 shield (worn)
 k - a +0 chain mail
 o - a +1 helmet of intelligence (worn)
Wands
 t - a wand of random effects (18/48)
Scrolls
 e - a scroll of noise {unknown}
 g - 5 scrolls of identify {unknown}
 l - 2 scrolls of teleportation {unknown}
 n - a scroll of remove curse {unknown}
 q - 2 scrolls of blinking {unknown}
 u - a scroll of enchant weapon {unknown}
Comestibles
 f - a bread ration
 h - 4 fruits
 i - 3 meat rations
 s - 2 chunks of flesh


   Skills:
 + Level 3.9(3.4) Fighting
 + Level 2.6(2.2) Long Blades
 + Level 2.7(2.2) Armour
 + Level 2.7(2.3) Shields


You had 3 spell levels left.
You didn't know any spells.

Dungeon Overview and Level Annotations

Branches:
Dungeon (3/15)

Altars:
Okawaru
Trog

Annotations:
D:2 2 transporters


Innate Abilities, Weirdness & Mutations

You have hooves in place of feet.
Armour fits poorly on your strangely shaped body.
You cover ground very quickly.
You have extremely tough skin. (AC +3)
You passively map a small area around you.
Your system is resistant to poisons. (rPois)


Message History

You feel a strange attunement to the structure of the dungeons.
You are feeling hungry.
* * * LOW HITPOINT WARNING * * *
You feel sick.
It was a potion of cancellation.
Your magical effects are unravelling.
You feel magically purged.
You feel a little less agile now.
* * * LOW HITPOINT WARNING * * *
You feel sick.
It was a potion of resistance.
You feel protected.
You feel very mighty all of a sudden.
* * * LOW HITPOINT WARNING * * *
You feel sick. You block the goblin's attack.
You slash the goblin!
You kill the goblin!
* * * LOW HITPOINT WARNING * * *
You feel sick.
You die...

#<# #.##.#,#
#.# #.#.# .###
#.* #..###... #
* #...#..#
###..#.#.### ,
.###...(......#
*
...............
* ,
####.#.(#.#l..$
#.#(@#.##...
#..#(.....#. ,
* *#<###..##...
, ..# #.[.. * *
### ** ###... ,
***.# , . , , *
*


There were no monsters in sight!

Vanquished Creatures
  Jessica (D:3)
  2 adders (D:2)
  An ooze (D:2)
  A dart slug (D:2)
  2 leopard geckos
  9 orcs (D:3)
  3 bats
  3 giant cockroaches
  10 goblins
  5 hobgoblins
  3 jackals (D:2)
  2 frilled lizards (D:3)
  4 kobolds
  4 rats (D:1)
50 creatures vanquished.

Notes
Turn   | Place    | Note
-------+----------+-------------------------------------------
     0 | D:1      | empire the Centaur Fighter began the quest for the Orb.
     0 | D:1      | Reached XP level 1. HP: 19/19 MP: 1/1
    23 | D:1      | Found an iron altar of Okawaru.
   201 | D:1      | Reached XP level 2. HP: 26/26 MP: 2/2
   810 | D:2      | Reached XP level 3. HP: 29/31 MP: 3/3
   879 | D:2      | Found a bloodstained altar of Trog.
   880 | D:2      | Noticed a two-headed ogre
   880 | D:2      | Noticed a water moccasin
   909 | D:2      | Found a transporter.
   924 | D:2      | Found a transporter.
  1320 | D:3      | Reached XP level 4. HP: 35/40 MP: 4/4
  1548 | D:3      | Noticed Jessica
  1554 | D:3      | Killed Jessica
  1615 | D:3      | Gained mutation: Your system is resistant to poisons. (rPois) [potion of mutation]
  1615 | D:3      | Gained mutation: You passively map a small area around you. [potion of mutation]
  1616 | D:3      | HP: 2/40 [poisoned by a kobold]
  1623 | D:3      | Succumbed to a kobold's poison

Skill      XL: |  1 |
---------------+----+-----
Long Blades    | 2 |  2.6
Fighting       | |  3.9
Armour         | |  2.7
Shields        | |  2.7

Action                   |  1- 3 |  4- 6 || total
-------------------------+-------+-------++-------
Melee: Long sword        |   112 |    54 ||   166
       Kick              |    22 |     4 ||    26
  Use: Potion            |       |     5 ||     5
  Eat: Chunk             |       |     1 ||     1
Armor: Scale mail        |    57 |    29 ||    86
Dodge: Dodged            |    29 |     9 ||    38
Block: Shield            |    59 |    25 ||    84
       Rpst.: Long sword |     6 |     1 ||     7
